 Dungeon Crawl Stone Soup version 0.30-a0-125-g51eefa89be (webtiles) character file.

Game seed: 13656907575704295334

1356 timneilson the Shield-Bearer (level 8, 0/49 HPs)
             Began as a Gargoyle Fighter on Sept 19, 2022.
             Slain by an orc
             ... wielding a +0 trident
              (5 damage)
             ... on level 6 of the Dungeon.
             The game lasted 00:07:53 (6623 turns).

timneilson the Shield-Bearer (Gargoyle Fighter)     Turns: 6623, Time: 00:07:54

Health: 0/49       AC: 15    Str: 21    XL:     8   Next: 64%
Magic:  8/8        EV:  8    Int: 10    God:
Gold:   289        SH:  6    Dex:  9    Spells: 7/7 levels left

rFire   . . .      SeeInvis .    a - +1 long sword
rCold   . . .      Faith    .    c - +1 buckler
rNeg    + . .      Spirit   .    d - +0 chain mail
rPois   ∞          Reflect  .    (no helmet)
rElec   +          Harm     .    (no cloak)
rCorr   .          Rampage  .    (no gloves)
Will    .....                    (no boots)
Stlth   ..........               (no amulet)
HPRegen 0.16/turn                (no ring)
MPRegen 0.11/turn                (no ring)

@: no status effects
A: sickness immunity, AC +5, negative energy resistance 1, electricity
resistance, torment resistance 1, petrification resistance
a: no special abilities


You were on level 6 of the Dungeon.
You visited 1 branch of the dungeon, and saw 6 of its levels.

You collected 289 gold pieces.

Inventory:

Hand Weapons
 a - a +1 long sword (weapon)
Armour
 c - a +1 buckler (worn)
 d - a +0 chain mail (worn)
Scrolls
 b - a scroll of poison
 g - a scroll of fear
 i - 2 scrolls of identify
 k - 2 scrolls of butterflies
 n - 2 scrolls of magic mapping
Potions
 f - a potion of invisibility
 h - a potion of mutation


   Skills:
 + Level 5.0 Fighting
 * Level 5.0 Long Blades
 * Level 6.4 Armour
 + Level 2.7 Dodging
 * Level 6.5 Shields


You had 7 spell levels left.
You didn't know any spells.
Your spell library contained the following spells:

 Spells                   Type           Power      Damage    Failure   Level
 Blink                    Tloc           0%         N/A       99%         2
 Scorch                   Fire           0%         2d5       99%         2
 Ignite Poison            Fire/Tmut/Pois 0%         N/A       100%        3
 Lesser Beckoning         Tloc           0%         N/A       100%        3
 Mephitic Cloud           Conj/Pois/Air  0%         N/A       100%        3
 Flame Wave               Conj/Fire      0%         2d4       100%        4
 Leda's Liquefaction      Hex/Erth       0%         N/A       100%        4
 Manifold Assault         Tloc           0%         N/A       100%        4
 Freezing Cloud           Conj/Ice/Air   0%         6-21      100%        5
 Lee's Rapid Deconstruct  Erth           0%         3d5*      100%        5
 Summon Cactus Giant      Summ           0%         N/A       100%        6
 Statue Form              Tmut/Erth      Unusable   N/A       N/A         6

Dungeon Overview and Level Annotations

Branches:
Dungeon (6/15)
 Temple: D:4-7

Altars:
Elyvilon
Fedhas
Zin

Shops:
D:5 =

Portals:
Abyss: D:5

Annotations:
D:3 1 runed translucent door, Crazy Yiuf
D:5 2 transporters, SigmundSlayer's ghost, novice DsFi


Innate Abilities, Weirdness & Mutations

You are immune to sickness and miasma.
Your stone body is resilient. (AC +5)
You are immune to poison.
You resist negative energy. (rN+)
You are resistant to electric shocks. (rElec)
You are resistant to unholy torment.
You are immune to petrification.


Message History

The orc hits you but does no damage. x2
You hit the orc.
You kill the orc!
You block the orc's attack.
You hear some strange, mumbled words.
Deactivating autopickup; reactivate with Ctrl-A.
Something tries to affect you, but you resist.
The orc hits you from afar with a +0 trident.
* * * LOW HITPOINT WARNING * * *
You hit something. You block the orc's attack.
Something hits you but does no damage.
You miss something.
An orc wizard appears from thin air!
Reactivating autopickup.
You block the orc's attack.
The orc wizard casts a spell.
The orc wizard flickers and vanishes!
Deactivating autopickup; reactivate with Ctrl-A.
You hit something.
Your transformation is almost over.
The orc hits you from afar with a +0 trident.
* * * LOW HITPOINT WARNING * * *
Something hits you but does no damage.
You hit something. The orc hits you but does no damage.
Something hits you but does no damage.
You miss something. The orc hits you but does no damage.
Something hits you but does no damage. x2; The orc hits you but does no damage.
You miss something. The orc barely misses you.
Something hits you but does no damage.
You barely miss something. The orc hits you but does no damage.
Something hits you but does no damage.
You hit something.
Reactivating autopickup.
You feel a bit more experienced. You block the orc's attack.
You swing at nothing.
You feel less wooden.
Your +0 chain mail unmelds from your body.
The orc barely misses you.
Unknown command.
The orc hits you with a +0 trident.
You die...

.# # #.. .##
#.. ...
#..###.. #..
......# .#...
....# ....
#o.# #..# #@#
...#
###.###..#
#.......###
#..###.....###
#...#
##........
##..##
##..#####..
... ##...#
....###...##
..........#


You could see an orc.

Vanquished Creatures
  Sigmund (D:3)
  Menkaure (D:5)
  A water moccasin (D:5)
  An orc warrior (D:6)
  2 ogres (D:5)
  2 phantoms (D:4)
  Blork the orc (D:5)
  2 scorpions (D:5)
  An orc priest (D:5)
  3 hounds
  Natasha (D:3)
  An iguana (D:4)
  2 orc wizards (D:6)
  Terence (D:2)
  5 adders
  4 worms
  9 dart slugs
  6 orcs
  5 bats
  9 endoplasms
  3 giant cockroaches
  5 goblins
  4 hobgoblins
  10 jackals
  9 kobolds
  9 ball pythons
  6 frilled lizards
  5 rats
109 creatures vanquished.

Notes
Turn   | Place    | Note
-------+----------+-------------------------------------------
     0 | D:1      | timneilson the Gargoyle Fighter began the quest for the
                  | Orb.
     0 | D:1      | Reached XP level 1. HP: 14/14 MP: 1/1
    52 | D:1      | Reached XP level 2. HP: 14/19 MP: 2/2
   801 | D:1      | Reached XP level 3. HP: 20/23 MP: 3/3
  1554 | D:2      | Reached XP level 4. HP: 27/28 MP: 4/4
  1825 | D:2      | Noticed Terence
  1847 | D:2      | Killed Terence
  2121 | D:2      | Reached skill level 1 in Dodging
  2498 | D:3      | Found a blossoming altar of Fedhas.
  2509 | D:3      | Reached XP level 5. HP: 7/33 MP: 5/5
  2751 | D:3      | Noticed Natasha
  2768 | D:3      | Killed Natasha
  3204 | D:3      | Noticed Sigmund
  3216 | D:3      | Killed Sigmund
  3217 | D:3      | Reached XP level 6. HP: 24/38 MP: 6/6
  3625 | D:3      | Found a runed translucent door.
  3626 | D:3      | Noticed Crazy Yiuf
  4225 | D:4      | Found a white marble altar of Elyvilon.
  4518 | D:4      | Reached skill level 5 in Armour
  4518 | D:4      | Reached skill level 5 in Shields
  4518 | D:4      | Reached XP level 7. HP: 43/43 MP: 7/7
  5027 | D:5      | Entered Level 5 of the Dungeon
  5430 | D:5      | Reached XP level 8. HP: 44/48 MP: 8/8
  5430 | D:5      | Noticed Menkaure
  5459 | D:5      | Killed Menkaure
  5685 | D:5      | Found a glowing silver altar of Zin.
  5739 | D:5      | Found Nazenk's Jewellery Emporium.
  5740 | D:5      | Found a transporter.
  5757 | D:5      | Noticed an ancient zyme
  6044 | D:5      | Found a one-way gate to the infinite horrors of the Abyss.
  6044 | D:5      | Noticed SigmundSlayer's ghost (novice DsFi)
  6045 | D:5      | Found a transporter.
  6115 | D:5      | Noticed Blork the orc
  6128 | D:5      | Killed Blork the orc
  6604 | D:6      | Reached skill level 5 in Long Blades
  6610 | D:6      | Reached skill level 5 in Fighting
  6623 | D:6      | Slain by an orc

Illustrated notes

Levels and vault maps discovered:
D:1:      lightli_molten_gateway, layout_loops_cross
D:2:      layout_loops_ring, uniq_terence
D:3:      minmay_inner_zag, layout_loops_ring, mainiacjoe_overflow_paths,
          uniq_crazy_yiuf_cottage, uniq_natasha, uniq_sigmund
D:4:      layout_loops_cross, mainiacjoe_overflow_boulevard
D:5:      layout_loops_ring, zin_statuary, gammafunk_ghost_abyssal_escape,
          serial_shops, nicolae_shop_stone, uniq_blork_the_orc, uniq_menkaure
D:6:      layout_layer_cave, uniq_pikel

Skill      XL: |  1  2  3  4  5  6  7  8 |
---------------+-------------------------+-----
Long Blades    | 2 3 4 5 |  5.0
Shields        | 4 5 6 |  6.5
Armour         | 4 5 6 |  6.4
Dodging        | 1 2 |  2.7
Fighting       | 4 5 |  5.0

Action                   |  1- 3 |  4- 6 |  7- 9 || total
-------------------------+-------+-------+-------++-------
Melee: Long sword        |   114 |   224 |   185 ||   523
  Use: Scroll            |     6 |     4 |     6 ||    16
       Potion            |       |     1 |     6 ||     7
Armor: Scale mail        |    74 |    69 |       ||   143
       Chain mail        |       |    43 |    81 ||   124
       Skin              |       |       |    28 ||    28
Dodge: Dodged            |    60 |   101 |    53 ||   214
Block: Buckler           |    32 |    56 |    52 ||   140

Table legend: (Time is in decaauts)
 A = Elapsed time spent in this place.
 B = Non-inter-level travel time spent in this place.
 C = Inter-level travel time spent in this place.
 D = Time resting spent in this place.
 E = Time spent auto-exploring this place.
 F = Levels seen in this place.
 G = Mean time per level.
                   A        B        C        D        E       F      G
               +--------+--------+--------+--------+--------+-----+--------+
         Total |   6766 |   6608 |    158 |     54 |   5405 |   6 | 1127.7 |
       Dungeon |   6766 |   6608 |    158 |     54 |   5405 |   6 | 1127.7 |
               +--------+--------+--------+--------+--------+-----+--------+

Top non-repeatable levels by time:
     D:3: 1598 daAuts
     D:5: 1561 daAuts
     D:1: 1399 daAuts
     D:4: 1103 daAuts
     D:2: 1038 daAuts
     D:6: 64 daAuts
